 Dungeon Crawl Stone Soup version 0.20-a0-949-g916514f (webtiles) character file.

135 Hybris the Vandal (level 5, 0/36 HPs)
             Began as a Halfling Hunter on Apr 4, 2017.
             Killed from afar by an orc wizard (8 damage)
             ... with a magic dart
             ... on level 3 of the Dungeon.
             The game lasted 00:03:35 (1621 turns).

Hybris the Vandal (Halfling Hunter)                 Turns: 1621, Time: 00:03:36

Health: 0/36       AC:  3    Str: 13    XL:     5   Next: 42%
Magic:  5/5        EV: 15    Int:  9    God:
Gold:   47         SH:  0    Dex: 16    Spells: 4/4 levels left

rFire    . . .     SeeInvis .   b - +0 short sword
rCold    . . .     Gourm    .   (shield restricted)
rNeg     . . .     Faith    .   c - +0 leather armour
rPois    .         Spirit   .   (no helmet)
rElec    .         Reflect  .   (no cloak)
rCorr    .         Harm     .   (no gloves)
MR       .....                  (no boots)
Stlth    ++........             (no amulet)
Regen    0.2/turn               (no ring)
MPRegen  0.1/turn               (no ring)

@: no status effects
A: mutation resistance 1
a: no special abilities


You were on level 3 of the Dungeon.
You were hungry.

You visited 1 branch of the dungeon, and saw 3 of its levels.

You collected 47 gold pieces.

Inventory:

Hand Weapons
 a - a +1 hunting sling
 b - a +0 short sword (weapon)
Missiles
 d - 7 sling bullets
 l - 4 stones (quivered)
Armour
 c - a +0 leather armour (worn)
Scrolls
 g - a scroll of enchant weapon {unknown}
 h - 4 scrolls of identify {unknown}
 i - 3 scrolls of teleportation {unknown}
 k - a scroll of remove curse {unknown}
 p - a scroll of enchant armour {unknown}
 q - a scroll of recharging {unknown}
Potions
 e - a potion of invisibility {unknown}
 m - a potion of haste {unknown}
 n - 3 potions of might {unknown}
 r - a potion of curing {unknown}
Comestibles
 f - a bread ration
 j - 2 meat rations
 o - 2 royal jellies


   Skills:
 + Level 2.8 Fighting
 * Level 7.9 Slings
 + Level 3.1 Dodging
 - Level 1.1 Stealth


You had 4 spell levels left.
You didn't know any spells.

Dungeon Overview and Level Annotations

Branches:
Dungeon (3/15)

Altars:
Cheibriados


Innate Abilities, Weirdness & Mutations

You are small and have problems with some larger weapons.
You are somewhat resistant to further mutation.


Message History

The orc closely misses you. Something closely misses you.
You bump into the rock wall.
The orc hits you but does no damage. Something hits you.
You miss the orc.
The orc is lightly wounded.
You feel less confused. The orc misses you.
Something hits you but does no damage.
You hit the orc.
The orc is almost dead.
The orc hits you but does no damage. Something hits you but does no damage.
You hit the orc but do no damage.
The orc is almost dead.
Something hits you. The orc misses you. Something hits you. The orc hits you.
* * * LOW HITPOINT WARNING * * *
You hit the orc.
You kill the orc!
You hear some strange, mumbled words.
A magic dart appears from out of thin air!
The magic dart hits you!
You die...

(( .# (#
(# (#
##(######
#{o.>...#
##@#
#.####..#
#.......#
#######.#
#.#####.#
#.......#
##'######
##...##
##
##.....##
### ..#


You could see an orc.

Vanquished Creatures
  Jessica (D:2)
  Natasha (twice) (D:2)
  An adder (D:2)
  2 oozes
  A worm (D:2)
  3 dart slugs
  A leopard gecko (D:2)
  An orc (D:3)
  3 giant cockroaches
  A goblin (D:1)
  5 hobgoblins
  3 jackals (D:2)
  A kobold (D:2)
  8 bats
  A rat (D:2)
34 creatures vanquished.

Notes
Turn   | Place    | Note
-------+----------+-------------------------------------------
     0 | D:1      | Hybris the Halfling Hunter began the quest for the Orb.
     0 | D:1      | Reached XP level 1. HP: 14/14 MP: 1/1
    53 | D:1      | Reached skill level 6 in Slings
    53 | D:1      | Reached XP level 2. HP: 19/19 MP: 2/2
    60 | D:1      | Found a snail-covered altar of Cheibriados.
   481 | D:2      | Reached XP level 3. HP: 19/24 MP: 3/3
   824 | D:2      | Noticed Natasha
   830 | D:2      | Killed Natasha
   830 | D:2      | Reached skill level 7 in Slings
   830 | D:2      | Reached XP level 4. HP: 27/30 MP: 4/4
   857 | D:2      | Noticed Jessica
   861 | D:2      | Killed Jessica
   953 | D:2      | Reached XP level 5. HP: 35/35 MP: 5/5
  1172 | D:2      | Noticed Natasha
  1179 | D:2      | Killed Natasha
  1621 | D:3      | Killed from afar by an orc wizard

Vault maps used:
D:1:      lightli_arrival_chessboard, cheibriados_altar_1
D:2:      uniq_natasha, uniq_jessica
D:3:      nicolae_ru_great_annihilating_truth

Skill      XL: |  1  2  3  4  5 |
---------------+----------------+-----
Slings         | 6 7 |  7.9
Fighting       | 2 |  2.8
Dodging        | 3 |  3.1
Stealth        | |  1.1

Action                   |  1- 3 |  4- 6 || total
-------------------------+-------+-------++-------
Melee: Short sword       |       |     6 ||     6
 Fire: Hunting sling     |    80 |    49 ||   129
  Eat: Chunk             |       |     1 ||     1
Armor: Leather armour    |     4 |     6 ||    10
Dodge: Dodged            |    11 |    18 ||    29
